[Event "Iranian Final Chess Championship"]
[Site "MyTown"]
[Date "2006.12.22"]
[Round "1"]
[White "Ghaem Maghami, Ehsan"]
[Black "Moradi, Behrooz"]
[Result "1-0"]
[WhiteElo "2580"]
[BlackElo "2299"]
[Annotator ",User"]
[PlyCount "81"]
[EventDate "2006.??.??"]
[TimeControl "240+2"]

{71MB, Fritz8.ctg, L4R} 1. c4 Nf6 2. Nc3 e6 3. e4 d5 4. e5 d4 5. exf6 dxc3 6.
bxc3 Qxf6 7. Nf3 e5 8. d4 exd4 9. Bg5 Qe6+ 10. Be2 Be7 11. cxd4 Bxg5 12. Nxg5
Qe7 13. Qd2 O-O 14. O-O Nd7 15. Rfe1 Nf6 16. Bf3 Qd6 17. c5 Qd8 18. Rab1 c6 19.
Qf4 h6 20. Ne4 Nd5 21. Qg3 b6 22. Rbc1 Be6 23. a3 b5 24. Nd6 Qf6 25. Re5 Rab8
26. Bxd5 Bxd5 27. Qc3 Qd8 28. Rce1 Be6 29. Qg3 a5 30. f4 b4 31. axb4 axb4 32.
f5 Bd5 33. Re7 b3 34. f6 g6 35. Nf5 Be4 36. Nxh6+ Kh7 37. R7xe4 Qxf6 38. Rf4
Qd8 39. Nxf7 Qd5 40. Re7 Rbe8 41. Ne5+ 1-0

[Event "Iranian Final Chess Championship"]
[Site "MyTown"]
[Date "2006.12.22"]
[Round "1"]
[White "Golizadeh, Asghar"]
[Black "Ghorbani, Mohsen"]
[Result "1/2-1/2"]
[WhiteElo "2233"]
[BlackElo "2304"]
[Annotator ",User"]
[PlyCount "225"]
[EventDate "2006.??.??"]
[TimeControl "240+2"]

{71MB, Fritz8.ctg, L4R} 1. e4 c5 2. Nf3 e6 3. d4 cxd4 4. Nxd4 a6 5. Bd3 Qc7 6.
O-O Nf6 7. c4 g6 8. b3 Bg7 9. Bb2 d6 10. Nd2 Nbd7 11. Qe2 O-O 12. Rac1 b6 13.
f4 Bb7 14. N4f3 Rfe8 15. Kh1 Rad8 16. b4 Qb8 17. Nb3 Qa8 18. Rce1 Nh5 19. Bxg7
Kxg7 20. Nh4 Kg8 21. f5 exf5 22. Nxf5 Ndf6 23. Nh6+ Kg7 24. Ng4 Nxg4 25. Qxg4
Qc8 26. Qf3 f5 27. Qf2 Bxe4 28. Bxe4 Rxe4 29. Rxe4 fxe4 30. Qd4+ Kh6 31. Qe3+
Kg7 32. Qxe4 Re8 33. Qd4+ Kh6 34. Nd2 Rf8 35. Nf3 Rf4 36. Qxd6 Qxc4 37. Rd1
Qxb4 38. Qd8 Qc5 39. Rd5 Qc3 40. Qg5+ Kg7 41. Qe7+ Rf7 42. Qe5+ Qxe5 43. Rxe5
Rc7 44. h3 Kf6 45. Rd5 Ke6 46. Rd2 b5 47. Nd4+ Kf6 48. Kh2 Nf4 49. Kg3 g5 50.
h4 h6 51. hxg5+ hxg5 52. Nf3 Rc6 53. Kg4 Ne6 54. Kh5 b4 55. Rf2 Ke7 56. Kg4
Rc4+ 57. Kg3 a5 58. Re2 Kf6 59. Nd2 Rd4 60. Ne4+ Kg6 61. Kf3 a4 62. Ke3 Rc4 63.
Rf2 Nf4 64. g3 Nd5+ 65. Kd3 Rc6 66. Rf8 b3 67. axb3 axb3 68. Rb8 Nb6 69. Rg8+
Kh6 70. Rxg5 b2 71. Rb5 Na4 72. Nd2 Rc3+ 73. Kd4 Rxg3 74. Nc4 Rg4+ 75. Kd3 Rg3+
76. Kd4 Rg5 77. Rb8 Rg4+ 78. Kd3 Rg2 79. Nxb2 Nxb2+ 80. Kc3 Nd1+ 81. Kd3 Nf2+
82. Ke3 Nd1+ 83. Kd3 Rg6 84. Rf8 Kg7 85. Rf4 Rg3+ 86. Kd2 Ne3 87. Ke2 Nd5 88.
Rf5 Nf6 89. Rf3 Rg4 90. Ra3 Kf7 91. Ra6 Rg3 92. Rb6 Ke7 93. Ra6 Ne4 94. Rb6 Nd6
95. Ra6 Kd7 96. Rb6 Ke6 97. Ra6 Kd5 98. Ra5+ Kd4 99. Ra4+ Nc4 100. Kf2 Rc3 101.
Ra8 Ke4 102. Re8+ Ne5 103. Ra8 Ng4+ 104. Kg2 Ne3+ 105. Kh3 Kf4 106. Ra4+ Nc4+
107. Kh4 Kf5 108. Ra8 Ne5 109. Rf8+ Kg6 110. Rf2 Kh6 111. Rf6+ Ng6+ 112. Kg4
Kg7 113. Ra6 1/2-1/2

[Event "Iranian Final Chess Championship"]
[Site "MyTown"]
[Date "2006.12.22"]
[Round "1"]
[White "Ardeshi, Mehrdad"]
[Black "Mahjoob, Morteza"]
[Result "0-1"]
[WhiteElo "2379"]
[BlackElo "2465"]
[Annotator ",User"]
[PlyCount "139"]
[EventDate "2006.??.??"]
[TimeControl "240+2"]

{71MB, Fritz8.ctg, L4R} 1. e4 c5 2. Nf3 Nc6 3. Bb5 d6 4. d4 cxd4 5. Qxd4 Bd7 6.
Bxc6 Bxc6 7. Nc3 Nf6 8. Bg5 e6 9. O-O-O Be7 10. Rhe1 Qa5 11. Kb1 O-O 12. Qd2
Qa6 13. Nd4 Rac8 14. f3 Rfd8 15. g4 Be8 16. h4 b5 17. Nce2 Rc4 18. b3 Rc5 19.
Ng3 Rdc8 20. Nh5 e5 21. Bxf6 exd4 22. Bxd4 Rxc2 23. Qxc2 Rxc2 24. Kxc2 f6 25.
Kb1 Bxh5 26. gxh5 b4 27. f4 Qc8 28. f5 d5 29. exd5 Qxf5+ 30. Ka1 Bd6 31. h6
gxh6 32. Rg1+ Kf7 33. Rgf1 Qh5 34. Rxf6+ Ke7 35. Rdf1 Qxd5 36. Bb2 Be5 37. Rf7+
Ke6 38. R7f2 Bxb2+ 39. Rxb2 Qd4 40. Re1+ Kf5 41. h5 Kg5 42. Kb1 Kxh5 43. Rbe2
Qd3+ 44. Kb2 Kg4 45. Re8 h5 46. Rg1+ Kh3 47. Reg8 Qd4+ 48. Kb1 Qe4+ 49. Kc1 h4
50. Kd2 Kh2 51. R1g4 Qd5+ 52. Ke3 h3 53. R8g5 Qd1 54. Rf4 Qe1+ 55. Kf3 h5 56.
Rc4 Qd1+ 57. Kf4 Qd2+ 58. Kf5 Qxa2 59. Ke4 Qc2+ 60. Kf4 Qf2+ 61. Ke5 h4 62.
Rgg4 Qg3+ 63. Kf5 Qd3+ 64. Kg5 a5 65. Rxh4 Qd2+ 66. Kh5 a4 67. bxa4 b3 68. Rb4
b2 69. Rb5 Qe2+ 70. Kg5 0-1

[Event "Iranian Final Chess Championship"]
[Site "MyTown"]
[Date "2006.12.22"]
[Round "1"]
[White "Alavi, Sayed Javad"]
[Black "Moosavian, S.Hamed"]
[Result "1-0"]
[WhiteElo "2368"]
[BlackElo "2345"]
[Annotator ",User"]
[PlyCount "111"]
[EventDate "2006.??.??"]
[TimeControl "240+2"]

{71MB, Fritz8.ctg, L4R} 1. e4 c5 2. Nf3 Nc6 3. d4 cxd4 4. Nxd4 Nf6 5. Nc3 e6 6.
Nxc6 bxc6 7. Bd3 d5 8. O-O Be7 9. Qe2 Nd7 10. exd5 cxd5 11. f4 Bb7 12. Be3 O-O
13. Nb5 Nc5 14. Nd4 Nxd3 15. cxd3 Bf6 16. Qf2 Ba6 17. Rfd1 Qb8 18. Nb3 e5 19.
d4 e4 20. Qd2 Rc8 21. Rdc1 Qb6 22. Nc5 Be7 23. Rc3 Rc6 24. Rac1 Rac8 25. R1c2
R6c7 26. Qc1 Bc4 27. b3 Bb5 28. Nxe4 Rxc3 29. Rxc3 Re8 30. Nc5 Qg6 31. a4 Be2
32. Qc2 Qxc2 33. Rxc2 Bxc5 34. Rxc5 Bd1 35. Rb5 a6 36. Rb6 g5 37. Kf2 gxf4 38.
Bxf4 Re2+ 39. Kg3 Rb2 40. Rxa6 Rxb3+ 41. Kh4 Rb4 42. Ra8+ Kg7 43. Be5+ Kg6 44.
Ra6+ Kf5 45. Rf6+ Ke4 46. Rxf7 Rxa4 47. Rxh7 Ra2 48. g4 Rg2 49. h3 Rg1 50. Rf7
Be2 51. g5 Ke3 52. Bg3 Rb1 53. g6 Bd3 54. g7 Bh7 55. Rf8 Rb7 56. Be5 1-0

[Event "Iranian Final Chess Championship"]
[Site "MyTown"]
[Date "2006.12.22"]
[Round "1"]
[White "Darban, Morteza"]
[Black "Bagheri, Amir"]
[Result "1-0"]
[WhiteElo "2396"]
[BlackElo "2486"]
[Annotator ",User"]
[PlyCount "111"]
[EventDate "2006.??.??"]
[TimeControl "240+2"]

{71MB, Fritz8.ctg, L4R} 1. e4 c6 2. c4 d5 3. cxd5 cxd5 4. exd5 Nf6 5. Qa4+ Nbd7
6. Nc3 g6 7. Bc4 Bg7 8. d3 O-O 9. Nf3 a6 10. Qa3 Nb6 11. Qb3 Bg4 12. Ne5 Qc7
13. O-O Qxe5 14. Qxb6 Bc8 15. h3 Nd7 16. Qb4 b5 17. Bb3 Qd6 18. Qxd6 exd6 19.
Ne4 Nc5 20. Nxd6 Rd8 21. Nxc8 Raxc8 22. Rd1 a5 23. d4 Nxb3 24. axb3 Rxd5 25.
Be3 Rc2 26. Rxa5 h6 27. Rd2 Rxd2 28. Bxd2 Rxd4 29. Bc3 Rd1+ 30. Kh2 Rd5 31.
Ra8+ Kh7 32. Rc8 g5 33. b4 Be5+ 34. Bxe5 Rxe5 35. Rc5 Re2 36. Kg1 Rxb2 37. Rxb5
Rb1+ 38. Kh2 Rb2 39. Kg3 Rb3+ 40. f3 Kg6 41. Rb6+ Kh5 42. Kh2 Rb2 43. Rf6 Rc2
44. b5 Rb2 45. b6 g4 46. hxg4+ Kg5 47. Rxf7 Rxb6 48. Rf5+ Kg6 49. Kg3 Rb2 50.
Ra5 Rc2 51. Ra6+ Kg7 52. f4 Rb2 53. Ra5 Rb3+ 54. Kh4 Rb4 55. g3 Rb1 56. g5 1-0

[Event "Iranian Final Chess Championship"]
[Site "MyTown"]
[Date "2006.12.22"]
[Round "1"]
[White "Toufighi, Homayoun"]
[Black "Roghani, Arash"]
[Result "1/2-1/2"]
[WhiteElo "2386"]
[BlackElo "2383"]
[Annotator ",User"]
[PlyCount "79"]
[EventDate "2006.??.??"]
[TimeControl "240+2"]

{71MB, Fritz8.ctg, L4R} 1. e4 e6 2. d4 d5 3. exd5 exd5 4. Nf3 Nf6 5. c4 Bb4+ 6.
Bd2 Bxd2+ 7. Nbxd2 O-O 8. Be2 Nc6 9. O-O Bg4 10. Re1 Re8 11. h3 Bh5 12. Rc1 Rb8
13. Qa4 Ne4 14. cxd5 Nxd2 15. Nxd2 Qxd5 16. Bxh5 Qxh5 17. Rxe8+ Rxe8 18. Nf3
Qd5 19. Rc5 Qd6 20. Qc4 Nxd4 21. Rxc7 Nxf3+ 22. gxf3 Qg6+ 23. Kh2 h5 24. Rc8
Qd6+ 25. Kg2 Qd7 26. Rxe8+ Qxe8 27. Qd5 Qe6 28. Qxb7 Qxa2 29. b3 Qa5 30. Qa8+
Kh7 31. Qe4+ g6 32. Qe7 Kg7 33. h4 a6 34. Qd6 Qb5 35. b4 Qc4 36. Qe5+ Kf8 37.
Qd6+ Kg7 38. Qe5+ Kf8 39. Qd6+ Kg7 40. Qe5+ 1/2-1/2

[Event "Iranian Final Chess Championship"]
[Site "?"]
[Date "2006.12.23"]
[Round "2"]
[White "Moradi, Behrooz"]
[Black "Roghani, Arash"]
[Result "1-0"]
[WhiteElo "2299"]
[BlackElo "2383"]
[PlyCount "108"]
[EventDate "2006.??.??"]
[TimeControl "240+2"]

{71MB, Fritz8.ctg} 1. e4 e6 2. d4 d5 3. Nd2 c5 4. exd5 Qxd5 5. Ngf3 cxd4 6. Bc4
Qd6 7. Qe2 Nf6 8. Nb3 Nc6 9. Bg5 a6 10. O-O-O b5 11. Bd3 Be7 12. Nfxd4 Nxd4 13.
Nxd4 O-O 14. Rhe1 Re8 15. Qf3 Qd5 16. Qxd5 Nxd5 17. Bxe7 Rxe7 18. Be4 Bb7 19.
Nxb5 Nb4 20. Nc3 Kf8 21. a3 Nc6 22. Rd6 Rc7 23. Red1 Ke7 24. Na4 Ne5 25. Bxb7
Rxb7 26. b3 Rc8 27. Nb6 Rcc7 28. h3 g5 29. Kb2 a5 30. R1d4 Nc6 31. Rxc6 Rxc6
32. Nc4 Rc5 33. Ne3 f5 34. c4 f4 35. Nc2 Re5 36. Rd2 Rd7 37. Nd4 Re4 38. Kc3 e5
39. Nc6+ Ke6 40. Nd8+ Ke7 41. Nc6+ Ke6 42. Nxa5 Rxd2 43. Kxd2 Rd4+ 44. Kc3 Kd7
45. c5 Re4 46. b4 h5 47. b5 Ra4 48. Nc4 Ke6 49. b6 Kd5 50. b7 Rxc4+ 51. Kb2
Rxc5 52. b8=Q e4 53. Qd8+ Kc4 54. Qd2 h4 1-0

[Event "Iranian Final Chess Championship"]
[Site "?"]
[Date "2006.12.23"]
[Round "2"]
[White "Bagheri, Amir"]
[Black "Toufighi, Homayoun"]
[Result "1-0"]
[WhiteElo "2486"]
[BlackElo "2386"]
[PlyCount "69"]
[EventDate "2006.??.??"]
[TimeControl "240+2"]

{71MB, Fritz8.ctg} 1. d4 e6 2. Nf3 c5 3. c4 cxd4 4. Nxd4 Nf6 5. g3 Bb4+ 6. Bd2
Bxd2+ 7. Nxd2 Nc6 8. N2b3 Qb6 9. Nc2 Ne4 10. e3 Nb4 11. Bg2 Nxc2+ 12. Qxc2 Qb4+
13. Ke2 Nc5 14. Rhd1 Nxb3 15. axb3 O-O 16. Qc3 Qb6 17. c5 Qc7 18. b4 a6 19. b5
d5 20. cxd6 Qxc3 21. bxc3 Bd7 22. Bxb7 Bxb5+ 23. Ke1 Ra7 24. Bf3 Rd7 25. Be2
Bxe2 26. Kxe2 Ra8 27. c4 f6 28. c5 Rc8 29. Ra5 Kf7 30. Rb1 Rc6 31. f4 e5 32. f5
Rd8 33. Rb7+ Kf8 34. Kd3 Rdc8 35. Ke4 1-0

[Event "Iranian Final Chess Championship"]
[Site "?"]
[Date "2006.12.23"]
[Round "2"]
[White "Moosavian, S.Hamed"]
[Black "Darban, Morteza"]
[Result "0-1"]
[WhiteElo "2345"]
[BlackElo "2396"]
[PlyCount "102"]
[EventDate "2006.??.??"]
[TimeControl "240+2"]

{71MB, Fritz8.ctg} 1. e4 c5 2. Nf3 d6 3. d4 cxd4 4. Nxd4 Nf6 5. Nc3 Nc6 6. Bc4
Bd7 7. Bb3 g6 8. O-O Bg7 9. Re1 O-O 10. Nxc6 bxc6 11. h3 Bc8 12. Bg5 Nd7 13.
Qd2 Nc5 14. Bh6 Qb6 15. Bxg7 Kxg7 16. Na4 Nxa4 17. Bxa4 Rb8 18. Rab1 c5 19. c4
Be6 20. b3 f6 21. Rbd1 Qb4 22. Qc2 g5 23. Re3 Qb7 24. Qe2 Rg8 25. Rf1 Rbf8 26.
Qh5 Kh8 27. f4 gxf4 28. Rxf4 Rf7 29. Rh4 Rg5 30. Qh6 Rfg7 31. Re2 Bf7 32. Kh1
Qc8 33. Kg1 Qg8 34. Rg4 Rxg4 35. hxg4 Qc8 36. Qd2 Qxg4 37. Bc6 Qc8 38. Bb5 a6
39. Ba4 Qb7 40. Re3 Rg5 41. Qa5 Kg7 42. Qd8 Bg6 43. Bd7 Re5 44. Bc8 Qb4 45. Re2
a5 46. Bd7 Qc3 47. Bc6 Qd4+ 48. Kf1 Bf7 49. Qxa5 Rh5 50. g3 Qd1+ 51. Re1 Qf3+
0-1

[Event "Iranian Final Chess Championship"]
[Site "?"]
[Date "2006.12.23"]
[Round "2"]
[White "Mahjoob, Morteza"]
[Black "Alavi, Sayed Javad"]
[Result "1-0"]
[WhiteElo "2465"]
[BlackElo "2368"]
[PlyCount "101"]
[EventDate "2006.??.??"]
[TimeControl "240+2"]

{71MB, Fritz8.ctg} 1. e4 c6 2. d4 d5 3. Nc3 dxe4 4. Nxe4 Bf5 5. Ng3 Bg6 6. h4
h6 7. Nf3 Nd7 8. h5 Bh7 9. Bd3 Bxd3 10. Qxd3 Qc7 11. Bd2 e6 12. O-O-O Ngf6 13.
Ne4 O-O-O 14. g3 Nc5 15. Nxc5 Bxc5 16. c4 Bb6 17. Kb1 Rhe8 18. Bf4 Qe7 19. Qe2
Bc7 20. Bxc7 Qxc7 21. Ne5 Re7 22. c5 Rd5 23. Rd3 Qd8 24. Rhd1 Nxh5 25. Qxh5 f6
26. Qg6 fxe5 27. dxe5 Qe8 28. Qxe8+ Rxe8 29. Rxd5 cxd5 30. Kc2 Rf8 31. f4 Kd7
32. Kd3 Kc6 33. Kd4 Rf5 34. Rh1 Kb5 35. a3 h5 36. b4 a6 37. a4+ Kxa4 38. c6
bxc6 39. Kc5 Kb3 40. Kd6 d4 41. Kxe6 g6 42. Kd7 h4 43. e6 Rd5+ 44. Kc7 Rf5 45.
e7 Rf7 46. Kd8 Rxe7 47. Kxe7 hxg3 48. Rg1 Kxb4 49. Kf6 d3 50. Kxg6 Kc3 51. f5
1-0

[Event "Iranian Final Chess Championship"]
[Site "?"]
[Date "2006.12.23"]
[Round "2"]
[White "Ghorbani, Mohsen"]
[Black "Ardeshi, Mehrdad"]
[Result "0-1"]
[WhiteElo "2304"]
[BlackElo "2379"]
[PlyCount "124"]
[EventDate "2006.??.??"]
[TimeControl "240+2"]

{71MB, Fritz8.ctg} 1. c4 c5 2. Nf3 Nf6 3. d4 cxd4 4. Nxd4 b6 5. Nc3 Bb7 6. Bg5
d6 7. Bxf6 gxf6 8. e3 Nc6 9. Qh5 Qd7 10. O-O-O Rg8 11. Rg1 Nxd4 12. Rxd4 h6 13.
g3 Rg5 14. Qd1 Rc5 15. e4 Rac8 16. f4 Ba6 17. Rg2 Bxc4 18. Bxc4 Rxc4 19. Rxc4
Rxc4 20. f5 e6 21. Re2 Qc6 22. Kb1 Be7 23. Re1 b5 24. a3 a5 25. fxe6 fxe6 26.
Qh5+ Kd8 27. Qxb5 Qxb5 28. Nxb5 Rc5 29. Nd4 Kd7 30. Re3 Bd8 31. Nf3 f5 32. e5
d5 33. Rb3 Rc4 34. Rb7+ Bc7 35. Ra7 Re4 36. Kc2 Kc6 37. Ra8 Bb6 38. Rc8+ Kd7
39. Rb8 Kc7 40. Rh8 Re3 41. Nh4 Rxe5 42. Rxh6 a4 43. Kd3 Re3+ 44. Kd2 Bd4 45.
Rh7+ Kc6 46. Rh6 Kc5 47. Ng2 Rb3 48. Nf4 Be3+ 49. Kc2 Bxf4 50. gxf4 Kd6 51. Rh4
d4 52. Rh8 Rf3 53. Rd8+ Kc5 54. Re8 Kd5 55. Rd8+ Ke4 56. Rd6 Rf2+ 57. Kd1 Rxb2
58. Rxe6+ Kxf4 59. Ra6 Ke3 60. h4 Rh2 61. Rxa4 Rh1+ 62. Kc2 d3+ 0-1

[Event "Iranian Final Chess Championship"]
[Site "?"]
[Date "2006.12.23"]
[Round "2"]
[White "Ghaem Maghami, Ehsan"]
[Black "Golizadeh, Asghar"]
[Result "1/2-1/2"]
[WhiteElo "2580"]
[BlackElo "2233"]
[PlyCount "84"]
[EventDate "2006.??.??"]
[TimeControl "240+2"]

{71MB, Fritz8.ctg} 1. c4 Nf6 2. Nf3 e6 3. g3 d5 4. Bg2 Be7 5. O-O O-O 6. d4 b6
7. cxd5 Nxd5 8. e4 Nf6 9. Nc3 Bb7 10. Re1 Bb4 11. Qc2 c5 12. e5 Bxf3 13. Bxf3
Nd5 14. dxc5 bxc5 15. Rd1 Bxc3 16. bxc3 Nc6 17. c4 Ndb4 18. Qe4 f5 19. Rxd8
fxe4 20. Rxa8 Rxa8 21. Bxe4 Rd8 22. Be3 Nd4 23. Bg5 Ne2+ 24. Kf1 Rd4 25. Bxh7+
Kxh7 26. Kxe2 Rxc4 27. a3 Nc6 28. Rc1 Nxe5 29. Be3 Rxc1 30. Bxc1 Kg6 31. Be3
Nd7 32. Kd3 Kf5 33. Kc4 Ke4 34. Bxc5 a6 35. Be3 Ne5+ 36. Kc5 Ng4 37. Kd6 e5 38.
h3 Nxe3 39. fxe3 Kxe3 40. Kxe5 Kf3 41. g4 Kg3 42. Kf5 Kxh3 1/2-1/2

[Event "Iranian Final Chess Championship"]
[Site "?"]
[Date "2006.12.23"]
[Round "3"]
[White "Golizadeh, Asghar"]
[Black "Moradi, Behrooz"]
[Result "1/2-1/2"]
[WhiteElo "2233"]
[BlackElo "2299"]
[PlyCount "98"]
[EventDate "2006.??.??"]
[TimeControl "240+2"]

{71MB, Fritz8.ctg} 1. e4 c5 2. Nf3 e6 3. d4 cxd4 4. Nxd4 Nf6 5. Nc3 d6 6. f4
Nc6 7. Be3 Be7 8. Qf3 e5 9. Nf5 Bxf5 10. exf5 Nd4 11. Bxd4 exd4 12. Nb5 Qa5+
13. c3 dxc3 14. Qxc3 Qxc3+ 15. Nxc3 O-O-O 16. O-O-O d5 17. Be2 Bc5 18. Bf3 Be3+
19. Kc2 d4 20. Ne2 h5 21. Rd3 Ng4 22. Bxg4 hxg4 23. h4 gxh3 24. Rxh3 Rxh3 25.
gxh3 Kc7 26. Rd1 Rd5 27. f6 g6 28. Kd3 Rd6 29. f5 Rxf6 30. fxg6 fxg6 31. Nxd4
Bxd4 32. Rc1+ Kd6 33. Kxd4 Rf2 34. Rd1 Ke6 35. Kc3 Rf3+ 36. Rd3 Rxd3+ 37. Kxd3
Kf5 38. Ke3 Kg5 39. Kf3 Kh4 40. Kg2 g5 41. Kh2 b5 42. Kg2 a5 43. b3 b4 44. Kh2
g4 45. hxg4 Kxg4 46. Kg2 Kf4 47. Kf2 Ke4 48. Ke2 Kd4 49. Kd2 Ke4 1/2-1/2

[Event "Iranian Final Chess Championship"]
[Site "?"]
[Date "2006.12.23"]
[Round "3"]
[White "Ardeshi, Mehrdad"]
[Black "Ghaem Maghami, Ehsan"]
[Result "1/2-1/2"]
[WhiteElo "2379"]
[BlackElo "2580"]
[PlyCount "122"]
[EventDate "2006.??.??"]
[TimeControl "240+2"]

{71MB, Fritz8.ctg} 1. e4 c5 2. Nf3 d6 3. Bb5+ Nc6 4. d4 cxd4 5. Qxd4 Bd7 6.
Bxc6 Bxc6 7. Nc3 Nf6 8. Bg5 e6 9. O-O-O Be7 10. Rhe1 O-O 11. Kb1 Qa5 12. Qd2
Qa6 13. Nd4 Rfc8 14. f3 Be8 15. g4 Rc4 16. Nce2 Rac8 17. c3 b5 18. Ng3 Qb7 19.
Nh5 Nxh5 20. Bxe7 Qxe7 21. gxh5 Qh4 22. Rg1 Qxh5 23. Rg5 Qh4 24. Rdg1 g6 25.
Nxb5 Bxb5 26. Rxb5 Qf6 27. Qe3 a6 28. Rb6 Qe5 29. Re1 d5 30. Rxa6 dxe4 31. fxe4
Rxc3 32. bxc3 Qb5+ 33. Ka1 Qxa6 34. Rb1 Ra8 35. Qd2 Qa5 36. Rb4 Qe5 37. a4 h5
38. Kb2 h4 39. Kb3 h3 40. Rd4 Kg7 41. Rb4 Kg8 42. Rd4 Rb8+ 43. Rb4 Rc8 44. Rd4
Qc7 45. Rd6 Qc4+ 46. Ka3 Qxc3+ 47. Qxc3 Rxc3+ 48. Kb2 Re3 49. a5 Rxe4 50. a6
Ra4 51. Kb3 Ra1 52. Kb4 e5 53. Kb5 e4 54. Kb6 e3 55. a7 f5 56. Rxg6+ Kf7 57.
Rg3 Rb1+ 58. Kc7 Ra1 59. Kb7 Rb1+ 60. Kc7 Ra1 61. Kb7 Rb1+ 1/2-1/2

[Event "Iranian Final Chess Championship"]
[Site "MyTown"]
[Date "2006.12.23"]
[Round "3"]
[White "Alavi, Sayed Javad"]
[Black "Ghorbani, Mohsen"]
[Result "1-0"]
[WhiteElo "2368"]
[BlackElo "2304"]
[Annotator ",User"]
[PlyCount "85"]
[EventDate "2006.??.??"]
[TimeControl "240+2"]

{71MB, Fritz8.ctg, L4R} 1. e4 c5 2. Nf3 e6 3. d4 cxd4 4. Nxd4 a6 5. Nc3 d6 6.
Be2 Nf6 7. f4 Be7 8. O-O Qc7 9. Kh1 h5 10. a4 Nc6 11. Be3 Bd7 12. Nb3 Nb4 13.
Bf3 Rc8 14. Qe2 Qb8 15. Bf2 e5 16. f5 b5 17. a5 Nxc2 18. Qxc2 b4 19. Rfc1 bxc3
20. bxc3 Ng4 21. Bb6 Nf6 22. Nd2 Qa8 23. Qd3 Bc6 24. Re1 Kf8 25. Qe3 g6 26. c4
gxf5 27. exf5 Bxf3 28. gxf3 h4 29. c5 Nd5 30. Qe4 dxc5 31. Qxe5 f6 32. Qe4 Rh7
33. Rg1 Bd6 34. Qe6 Bg3 35. Qe4 Re7 36. Qg4 Rg7 37. Qh5 Nf4 38. Qh6 Kf7 39. Ne4
Rh8 40. Qxf6+ Kg8 41. Rad1 Kh7 42. Ng5+ Rxg5 43. Rd7+ 1-0

[Event "Iranian Final Chess Championship"]
[Site "?"]
[Date "2006.12.23"]
[Round "3"]
[White "Darban, Morteza"]
[Black "Mahjoob, Morteza"]
[Result "1-0"]
[WhiteElo "2396"]
[BlackElo "2465"]
[PlyCount "115"]
[EventDate "2006.??.??"]
[TimeControl "240+2"]

{71MB, Fritz8.ctg} 1. e4 c5 2. c3 Nf6 3. e5 Nd5 4. Nf3 Nc6 5. d4 cxd4 6. cxd4
d6 7. Bc4 Nb6 8. Bb5 dxe5 9. Nxe5 Bd7 10. Nxd7 Qxd7 11. Nc3 e6 12. O-O a6 13.
Bxc6 Qxc6 14. Be3 Be7 15. Rc1 O-O 16. Qb3 Rfc8 17. Rc2 Nc4 18. Rfc1 b5 19. a4
Qb7 20. axb5 Nxe3 21. fxe3 Bg5 22. Kf2 Rcb8 23. Qc4 h6 24. bxa6 Rxa6 25. Qd3
Ra5 26. Ne4 Bh4+ 27. Kg1 Raa8 28. Nc5 Qe7 29. b4 Bg5 30. b5 f5 31. Rb1 Rb6 32.
e4 fxe4 33. Qxe4 Rab8 34. Rcb2 Bf6 35. Rb4 Rd8 36. Kh1 Rc8 37. h3 Qd6 38. Na4
Rbb8 39. b6 Rc6 40. b7 Bd8 41. Qe5 Qxe5 42. dxe5 Bc7 43. Rb5 Kf7 44. Rc5 Rxc5
45. Nxc5 Rd8 46. Na6 Bb8 47. Nxb8 Rxb8 48. Kh2 Kg6 49. g4 h5 50. Kg3 hxg4 51.
Kxg4 Kf7 52. Kg5 g6 53. Rb6 Kg7 54. Kf4 Kf7 55. Ke4 Ke7 56. Kd4 Kd7 57. Kc5 g5
58. Kb5 1-0

[Event "Iranian Final Chess Championship"]
[Site "?"]
[Date "2006.12.23"]
[Round "3"]
[White "Toufighi, Homayoun"]
[Black "Moosavian, S.Hamed"]
[Result "1/2-1/2"]
[WhiteElo "2386"]
[BlackElo "2345"]
[PlyCount "137"]
[EventDate "2006.??.??"]
[TimeControl "240+2"]

{71MB, Fritz8.ctg} 1. e4 c6 2. c4 d5 3. cxd5 cxd5 4. exd5 Nf6 5. Bb5+ Nbd7 6.
Nc3 a6 7. Qa4 g6 8. Nf3 Bg7 9. O-O O-O 10. Bxd7 Bxd7 11. Qb4 b5 12. Qh4 Bc8 13.
d4 Nxd5 14. Bh6 Nxc3 15. bxc3 Bb7 16. Bxg7 Kxg7 17. Ne5 Rc8 18. Rac1 Qd5 19. f3
f6 20. Nd3 Qxa2 21. Nc5 Bd5 22. Qe1 Rf7 23. Rb1 e5 24. Rf2 Qa5 25. Ra1 Qc7 26.
Rxa6 exd4 27. cxd4 Re7 28. Qd2 Rce8 29. Ra1 Bc4 30. Ne4 Rd8 31. Qb2 Qb6 32. Rd1
Rd5 33. Rfd2 Red7 34. Nc5 Re7 35. Na4 Qe6 36. Qc3 Rh5 37. Nb2 b4 38. Qc1 Bb3
39. Rf1 Qe3+ 40. Kh1 Qf4 41. g4 Rd5 42. Rd3 Qxc1 43. Rxc1 Ba2 44. Rcd1 h5 45.
h3 h4 46. Kg1 f5 47. Kf2 fxg4 48. hxg4 g5 49. R1d2 Rd6 50. Nd1 Bc4 51. Re3 Red7
52. Re4 b3 53. Nc3 Bf7 54. d5 Rb6 55. Ree2 Bg6 56. Ne4 Kh6 57. Ke3 Rb5 58. Nc3
Rb4 59. Ne4 Rb5 60. Nc3 Re7+ 61. Ne4 Rd7 62. Nc3 Rb8 63. Ne4 Bf7 64. Nc3 Rc7
65. Ne4 Rd7 66. Nc3 Rbd8 67. Rb2 Bxd5 68. Nxd5 Rxd5 69. Rxb3 1/2-1/2

[Event "Iranian Final Chess Championship"]
[Site "?"]
[Date "2006.12.23"]
[Round "3"]
[White "Roghani, Arash"]
[Black "Bagheri, Amir"]
[Result "1/2-1/2"]
[WhiteElo "2383"]
[BlackElo "2486"]
[PlyCount "20"]
[EventDate "2006.??.??"]
[TimeControl "240+2"]

{71MB, Fritz8.ctg} 1. d4 Nf6 2. c4 e6 3. Nf3 Bb4+ 4. Bd2 Bxd2+ 5. Qxd2 d6 6.
Nc3 Nc6 7. g3 O-O 8. Bg2 e5 9. O-O Re8 10. Rad1 Bf5 1/2-1/2

[Event "Iranian Final Chess Championship"]
[Site "?"]
[Date "2006.12.24"]
[Round "4"]
[White "Moradi, Behrooz"]
[Black "Bagheri, Amir"]
[Result "0-1"]
[WhiteElo "2299"]
[BlackElo "2486"]
[PlyCount "84"]
[EventDate "2006.??.??"]
[TimeControl "240+2"]

{71MB, Fritz8.ctg} 1. e4 c6 2. d4 d5 3. Nc3 dxe4 4. Nxe4 Nd7 5. Ne2 Ndf6 6.
N2g3 Nxe4 7. Nxe4 Bf5 8. Qf3 e6 9. Be3 Nf6 10. Nxf6+ gxf6 11. O-O-O Qd5 12.
Qxd5 cxd5 13. Bb5+ Kd8 14. Be2 Rc8 15. c3 h5 16. Bf4 a6 17. Kd2 Kd7 18. h4 Be7
19. g3 Rc6 20. f3 Rcc8 21. g4 Bg6 22. Rdg1 Rh7 23. Ke3 e5 24. Bg3 Bd6 25. Be1
exd4+ 26. cxd4 Rc2 27. gxh5 Bf5 28. Bd1 Rxb2 29. Bb3 Rh8 30. Bxd5 Re8+ 31. Be4
Rxa2 32. Rg8 Ra3+ 33. Kf2 Bxe4 34. Rxe8 Rxf3+ 35. Ke2 Kxe8 36. h6 Rf5 37. Rh3
Rh5 38. Bd2 f5 39. Bg5 Bf8 40. Rc3 Kd7 41. Rg3 Bxh6 42. Bf6 Bf8 0-1

[Event "Iranian Final Chess Championship"]
[Site "?"]
[Date "2006.12.24"]
[Round "4"]
[White "Moosavian, S.Hamed"]
[Black "Roghani, Arash"]
[Result "1/2-1/2"]
[WhiteElo "2345"]
[BlackElo "2383"]
[PlyCount "120"]
[EventDate "2006.??.??"]
[TimeControl "240+2"]

{71MB, Fritz8.ctg} 1. d4 d5 2. e3 c5 3. c3 cxd4 4. exd4 Nf6 5. Bd3 Bg4 6. Qb3
Qc7 7. Ne2 Nc6 8. Bf4 Qd7 9. Be5 Bxe2 10. Bxe2 e6 11. Nd2 Be7 12. Bd3 O-O 13.
Qc2 h6 14. Nf3 Ng4 15. Bg3 Bd6 16. Bh4 e5 17. Bf5 Qe8 18. Bxg4 f5 19. Bxf5 e4
20. Bxe4 dxe4 21. Ne5 Bxe5 22. dxe5 Nxe5 23. O-O-O Qg6 24. Bg3 Nd3+ 25. Kb1
Rad8 26. Ka1 Rd7 27. Rd2 Kh8 28. Rhd1 Rfd8 29. Qb3 e3 30. fxe3 Nc5 31. Rxd7
Rxd7 32. Rxd7 Nxb3+ 33. axb3 Qe6 34. Rc7 Qxb3 35. Bf4 Qd1+ 36. Ka2 Qd5+ 37. c4
Qxg2 38. Be5 Qc2 39. Ka3 Qd3+ 40. b3 Qxe3 41. Bxg7+ Kg8 42. Rxb7 Qc5+ 43. Ka2
Qa5+ 44. Kb2 Qd2+ 45. Ka3 Qxh2 46. Bc3 h5 47. c5 h4 48. Rg7+ Kf8 49. c6 Qc2 50.
c7 Qxc3 51. Rd7 Qa5+ 52. Kb2 Qe5+ 53. Ka2 Qe2+ 54. Ka1 Qf1+ 55. Kb2 Qf6+ 56.
Ka2 Qf2+ 57. Ka1 Qf6+ 58. Ka2 Qa6+ 59. Kb2 Qe2+ 60. Ka1 Qe5+ 1/2-1/2

[Event "Iranian Final Chess Championship"]
[Site "?"]
[Date "2006.12.24"]
[Round "4"]
[White "Mahjoob, Morteza"]
[Black "Toufighi, Homayoun"]
[Result "1-0"]
[WhiteElo "2465"]
[BlackElo "2386"]
[PlyCount "85"]
[EventDate "2006.??.??"]
[TimeControl "240+2"]

{71MB, Fritz8.ctg} 1. e4 e6 2. d4 d5 3. Nc3 dxe4 4. Nxe4 Bd7 5. Nf3 Bc6 6. Bd3
Nd7 7. O-O Ngf6 8. Ng3 Be7 9. Re1 O-O 10. c3 a5 11. a4 b6 12. Bd2 Re8 13. Qe2
Bd6 14. Bb5 Bxb5 15. axb5 e5 16. Qc4 exd4 17. cxd4 Nf8 18. Bc3 Qd7 19. Ne5 Qe6
20. Qd3 Bxe5 21. dxe5 Nd5 22. Re4 Ng6 23. Rae1 Rad8 24. Qf3 a4 25. h4 h6 26. h5
Nf8 27. Nf5 Nh7 28. Qg4 Ng5 29. f4 Nxf4 30. Rxf4 Qd5 31. Ng3 a3 32. bxa3 Qxb5
33. Ne4 Nxe4 34. Rfxe4 Re6 35. Kh2 Rd3 36. R1e3 Qd5 37. Rxd3 Qxd3 38. Rd4 Qc2
39. Rd2 Qb1 40. Rd8+ Kh7 41. Rd7 Qf1 42. Qe4+ f5 43. Qf3 1-0